 Dungeon Crawl Stone Soup version 0.19.4-10-g532645f (webtiles) character file.

37 Rrauwl the Sneak (level 3, -4/25 HPs)
             Began as a Vampire Enchanter on Feb 25, 2017.
             Slain by Crazy Yiuf
             ... wielding a +3 quarterstaff of chaos
              (13 damage)
             ... on level 2 of the Dungeon.
             The game lasted 00:07:09 (1172 turns).

Rrauwl the Sneak (Vampire Enchanter)                Turns: 1172, Time: 00:07:10

Health: -4/25      AC:  3    Str:  8    XL:     3   Next: 21%
Magic:  4/6        EV: 13    Int: 17    God:
Gold:   105        SH:  0    Dex: 14    Spells: 1 memorised, 5 levels left

rFire  . . .     SeeInvis +     a - +1 dagger
rCold  . . .     Gourm    .     b - +1 robe
rNeg   + . .     Faith    .     (no shield)
rPois  .         Spirit   .     (no helmet)
rElec  .         Reflect  .     (no cloak)
rCorr  .         Harm     +     (no gloves)
MR     .....                    (no boots)
Stlth  +++.......               f - amulet of harm
                                l - ring of wizardry
                                (no ring)

@: no status effects
A: fangs 3, see invisible, unbreathing
a: Bat Form


You were on level 2 of the Dungeon.
You were not thirsty.

You visited 1 branch of the dungeon, and saw 2 of its levels.

You collected 105 gold pieces.

Inventory:

Hand Weapons
 a - a +1 dagger (weapon)
Armour
 b - a +1 robe (worn)
Jewellery
 f - an amulet of harm (around neck)
 l - a ring of wizardry (right hand)
Scrolls
 e - a scroll of remove curse
 g - a scroll of blinking {unknown}
 h - a scroll of magic mapping {unknown}
 i - a scroll of random uselessness {unknown}
 j - a scroll of identify {unknown}
 k - a scroll of teleportation {unknown}
Potions
 d - 11 potions of blood
Books
 c - a book of Maledictions

   Spells                             Type                      Level
   a - Corona                         Hexes                        1
   b - Ensorcelled Hibernation        Hexes/Ice                    2
   c - Confuse                        Hexes                        3
   d - Tukima's Dance                 Hexes                        3
   e - Dazzling Spray                 Conjuration/Hexes            3


   Skills:
 + Level 0.6 Fighting
 + Level 1.3 Short Blades
 + Level 1.0 Armour
 + Level 2.5 Dodging
 + Level 4.9 Stealth
 + Level 2.1 Spellcasting
 + Level 4.5 Hexes


You had 5 spell levels left.
You knew the following spells:

 Your Spells              Type           Power        Failure   Level  Hunger
a - Corona                Hex            ###....      1%          1    #......


Dungeon Overview and Level Annotations

Branches:
Dungeon (2/15)

Altars:

Annotations:
D:2 Crazy Yiuf


Innate Abilities, Weirdness & Mutations

You have razor-sharp teeth.
You have supernaturally acute eyesight. (SInv)
You can survive without breathing.


Message History

You open the door.
Crazy Yiuf the Enlightened comes into view.
He is wielding a quarterstaff of chaos.
Crazy Yiuf shouts!
Crazy Yiuf yells, "Action!"
Found a mace.
There is an open door here.
You barely miss Crazy Yiuf.
Crazy Yiuf hits you with a quarterstaff of chaos!
Ouch! That really hurt!
Crazy Yiuf yells, "Announcement tired aubergine!"
You see here a spear.
Crazy Yiuf hits you with a quarterstaff of chaos.
You feel your power leaking away.
You hit Crazy Yiuf.
Crazy Yiuf is lightly wounded.
You hit Crazy Yiuf.
Crazy Yiuf is moderately wounded.
Crazy Yiuf hits you with a quarterstaff of chaos!
Ouch! That really hurt!
You die...

#.####..#.♣♣
♣♣#..)# .
#......♣♣♣♣.'...#
##
#.......♣..♣#...#
... #...#..♣.♣♣♣
####
#.#######)##♣♣♣♣♣
#......##.#
##......##.# ####
........##.#.....
........@........#
#......#g...###..
#...###.....# ...#
##....# ##
##.#.... #.#####
#.# +#


You could see Crazy Yiuf.

Vanquished Creatures
  An ooze (D:2)
  2 dart slugs
  A ball python (D:1)
  5 bats
  A giant cockroach (D:1)
  2 goblins (D:1)
  3 hobgoblins (D:1)
  3 jackals (D:1)
  3 kobolds (D:1)
  2 frilled lizards (D:1)
  3 rats
26 creatures vanquished.

Notes
Turn   | Place    | Note
-------+----------+-------------------------------------------
     0 | D:1      | Rrauwl the Vampire Enchanter began the quest for the Orb.
     0 | D:1      | Reached XP level 1. HP: 13/13 MP: 3/3
   111 | D:1      | Reached XP level 2. HP: 13/20 MP: 5/5
   725 | D:1      | Reached skill level 1 in Armour
  1020 | D:2      | Reached XP level 3. HP: 23/25 MP: 6/6
  1109 | D:2      | Found a runed door.
  1113 | D:2      | Noticed Crazy Yiuf
  1172 | D:2      | Slain by Crazy Yiuf

Skill      XL: |  1  2 |
---------------+-------+-----
Armour         | 1 |  1.0
Fighting       | |  0.6
Short Blades   | |  1.3
Dodging        | |  2.5
Stealth        | |  4.9
Spellcasting   | |  2.1
Hexes          | |  4.5

Action                   || total
-------------------------++-------
Melee: Dagger            ||   132
       Bite              ||     9
  Use: Scroll            ||     1
 Stab: Sleeping          ||     2
  Eat: Corpse            ||     3
Armor: Robe              ||    37
Dodge: Dodged            ||   101
